cohdb
Replays
Latest Replays
All Replays
Popular Replays
Top Player Replays
Match Explorer
How It Works
Community
CoH3 Stats
Reddit
Sign in to upload your games and track your stats! →
Sign in with Steam
Match 47124410
Unlisted
Match 47124410
Overview
Messages
Build Orders
End
Construct Section Command Post
Infantry Section
Dingo Light Scout Car
Infantry Section
ML 3-inch Mortar Team
Vickers Machine Gun Team
Selects Canadian Shock Battlegroup
Selects Attacking Spirit
Selects Canadian Shock Section
Canadian Shock Section
Construct Platoon Command Post
Grenade Package
6-pounder Anti-tank Gun Team
6-pounder Anti-tank Gun Team
Infantry Training
Selects Incendiary Munitions
Selects Pyrotechnics
Construct Company Command Post
Kanper
er1k
~TAB~ THUND3RCHUNKY
jmilli10
0
0
Comments
sign in to comment!
No comments posted yet!